[Event "Late-Titled-Tuesday-Blitz-February-13-2024"]
[Site "Chess.com"]
[Date "2024.02.13"]
[Round "10"]
[White "trriinu"]
[Black "PepeCuenca"]
[Result "0-1"]
[WhiteElo "2251"]
[BlackElo "2636"]
[TimeControl "180+1"]
[EndTime "15:56:27 PST"]
[Termination "PepeCuenca won on time"]

1. e4 d6 2. d4 Nf6 3. Nc3 e5 4. Nf3 Nbd7 5. Be2 Be7 6. O-O O-O 7. h3 c6 8. Be3 b5 9. a3 a5 10. d5 cxd5 11. exd5 Bb7 12. Bxb5 Qc7 13. Qd2 Nb6 14. Bxb6 Qxb6 15. a4 Nh5 16. g3 Nxg3 17. Rfe1 Nh5 18. Kh2 Nf4 19. Rg1 g6 20. Rg3 Rac8 21.
Ng5 Bxg5 22. Rxg5 f5 23. Rag1 Rf7 24. Bd3 Qd4 25. Qe3 Qxe3 26. fxe3 Nxd3 27. cxd3 Ba6 28. d4 exd4 29. exd4 Rb8 30. R1g2 Bc4 31. Nd1 Bxd5 32.
Rf2 Bb3 33. Ne3 Bxa4 34. Nxf5 Kh8 35. Kg3 Rxf5 36. Rgxf5 gxf5 37. Rxf5 Rb5 38. Rf6 d5 39. Rd6 Bb3 40. Kf4 Bc4 41. Ra6 Rxb2 42. Rxa5 Rb7 43.
Ke5 Kg7 44. Rc5 Re7+ 45. Kf5 Rf7+ 46. Kg5 h6+ 47. Kg4 Be2+ 48. Kg3 Bf3 49. Rc6 Be4 50.
Rd6 Rf6 51. Rd7+ Kg6 52. Rd8 Rf3+ 53. Kg4 h5+ 54. Kh4 Rf4+ 55. Kg3 Rf7 56. Rd6+ Rf6 57. Rd8 Kg5 58. h4+ Kf5 59. Rh8 Rg6+ 60. Kh3 Bf3 61. Re8 Kf4 62. Re5 Be4 63. Re8 Ke3 0-1

[Event "Late-Titled-Tuesday-Blitz-February-13-2024"]
[Site "Chess.com"]
[Date "2024.02.13"]
[Round "10"]
[White "FredddieCroderg"]
[Black "N_Mullodzhanov"]
[Result "1-0"]
[WhiteElo "2292"]
[BlackElo "2478"]
[TimeControl "180+1"]
[EndTime "15:56:40 PST"]
[Termination "FredddieCroderg won by checkmate"]

1. e4 c6 2. Bc4 d5 3. Bb3 dxe4 4. f3 exf3 5. Nxf3 e6 6. O-O Nf6 7. d4 Bd6 8. c3 O-O 9. Qe1 Nd5 10. Bg5 Be7 11.
Bxe7 Qxe7 12. Bc2 Nd7 13. Nbd2 g6 14. Ne4 N7f6 15. Ne5 Nxe4 16. Qxe4 Kg7 17. Rf3 f5 18. Qe2 c5 19. dxc5 Qxc5+ 20. Kh1 Qc7 21. Rh3 Bd7 22. Re1 Rae8 23. Qd2 f4 24. Qd4 Nf6 25. Rf1 Qb6 26. Rxf4 Qxd4 27. Rxd4 Bc6 28. Nxc6 bxc6 29. Rf3 e5 30. Rd6 e4 31. Rf1 e3 32. Kg1 e2 33. Re1 Nd5 34. Bd3 Nf4 35. Bc4 Re4 36. b3 c5 37. Rd7+ Kh6 38. g3 Nh3+ 39. Kg2 Ng5 40.
Rxe2 Rxe2+ 41. Bxe2 a5 42. Bc4 Re8 43. h4 Ne4 44. Kf3 Nxc3 45. g4 Ne4 46. g5+ Nxg5+ 47. hxg5+ Kxg5 48. Rxh7 Re1 49. Rc7 Re5 50. Kg3 Re3+ 51. Kf2 Re5 52. Kf3 Kf6 53. a4 g5 54.
Ra7 Rf5+ 55. Kg4 Rf4+ 56. Kg3 Kf5 57. Rxa5 Ke5 58. Rxc5+ Kd4 59. Rxg5 Rf8 60. Rg4+ Kc3 61. Rf4 Rb8 62. Kf3 Kb4 63. Ke3 Ka5 64. Re4 Rd8 65.
Rd4 Re8+ 66. Kd3 Rb8 67. Kc3 Rb6 68. Rd5+ Rb5 69. Rxb5+ Ka6 70. Rf5+ Kb6 71. b4 Kc6 72. a5 Kb7 73. a6+ Kb6 74. Rf6+ Ka7 75. Kd4 Kb8 76.
Kc5 Kc8 77. Rf7 Kb8 78. Kc6 Ka8 79. Kb6 Kb8 80. Rf8# 1-0

[Event "Late-Titled-Tuesday-Blitz-February-13-2024"]
[Site "Chess.com"]
[Date "2024.02.13"]
[Round "10"]
[White "TigrVShlyape"]
[Black "DenLaz"]
[Result "1-0"]
[WhiteElo "2890"]
[BlackElo "3043"]
[TimeControl "180+1"]
[EndTime "15:56:45 PST"]
[Termination "TigrVShlyape won by resignation"]

1. d4 Nf6 2. Bf4 d5 3. e3 c5 4. c3 Nc6 5. Nd2 Bg4 6. Ngf3 e6 7. Qb3 Qc8 8. a4 Be7 9. h3 Bh5 10. Be2 O-O 11. O-O Rd8 12. a5 h6 13. Qa4 a6 14.
Rfc1 Ne4 15. Bf1 Nxd2 16. Nxd2 Qd7 17. Nb3 c4 18. Nd2 Rac8 19. b3 cxb3 20. Qxb3 Bg6 21. c4 e5 22. dxe5 d4 23. Nf3 Bc5 24. exd4 Nxd4 25.
Nxd4 Bxd4 26. Ra2 Be4 27. Re1 Qf5 28. Qg3 Rc6 29. Qg4 Bc3 30. Qxf5 Bxf5 31. Rc1 Bb4 32. Be3 Bc5 33. Bxc5 Rxc5 34. Re1 Rd4 35. Rb2 Rxa5 36. Rxb7 Rc5 37. Ra7 a5 38. Ra1 Rxe5 39. R7xa5 Rxa5 40. Rxa5 Be6 41. Ra1 Kf8 42. Rc1 Ke7 43. c5 Kd7 44.
Be2 Kc7 45. Bf3 Bd5 46. Bxd5 Rxd5 47. Ra1 Kc6 48. Ra7 Rd7 49. Ra5 Rd5 50. g4 f5 51. Kg2 fxg4 52. hxg4 h5 53. Ra6+ Kb5 54. Rg6 hxg4 55. Rxg7 Kxc5 56. Rxg4 Kd6 57. Re4 Rf5 58. f4 Rf8 59. Kf3 Kd5 60. Re1 Kd6 61. Re5 Kd7 62. Kg4 Rg8+ 63. Kh5 Rf8 64. Kg5 Rg8+ 65. Kh6 Rf8 66. Re4 Kd6 67. Kg7 Rf5 68. Kg6 Ra5 69. f5 Ra2 70. f6 Rg2+ 71. Kf7 Rf2 72. Kg7 Rg2+ 73. Kf8 Kd7 74. f7 Rg1 75. Re2 Rg4 76.
Rd2+ Kc7 77. Rd1 Rg2 78. Rd4 Kc6 79. Ke7 Re2+ 80. Kf6 Rf2+ 81. Kg6 Rg2+ 82. Kf5 Rf2+ 83. Rf4 1-0

[Event "Late-Titled-Tuesday-Blitz-February-13-2024"]
[Site "Chess.com"]
[Date "2024.02.13"]
[Round "10"]
[White "Shankland"]
[Black "alexrustemov"]
[Result "1/2-1/2"]
[WhiteElo "2943"]
[BlackElo "2837"]
[TimeControl "180+1"]
[EndTime "15:56:52 PST"]
[Termination "Game drawn - insufficient material"]

1. Nf3 d5 2. e3 Nf6 3. b3 Bf5 4.
Bb2 h6 5. c4 e6 6. Nc3 c6 7.
cxd5 exd5 8. Ne2 Nbd7 9. Ng3 Bh7 10. Be2 Bd6 11. O-O O-O 12. d3 Qe7 13. a3 a5 14.
Re1 Rfe8 15. Bf1 Ne5 16. Nxe5 Bxe5 17. Bxe5 Qxe5 18. d4 Qd6 19. Qd2 Ne4 20. Nxe4 Bxe4 21.
b4 axb4 22. axb4 b6 23. Qc3 Rec8 24. Rec1 Rxa1 25. Rxa1 c5 26. bxc5 bxc5 27. Ra6 Qc7 28. f3 Bf5 29. Ra5 cxd4 30. Qxc7 Rxc7 31. Rxd5 Be6 32.
Rxd4 g5 33. h4 Kg7 34. Kf2 Rc3 35. Bd3 Kf6 36. h5 Ra3 37. g4 Ra2+ 38. Kg3 Ra3 39. f4 Ra5 40. Kf3 Rd5 41. Rxd5 Bxd5+ 42. e4 Bb7 43.
Bc4 gxf4 44. Kxf4 Kg7 45. e5 Bc8 46. g5 Bd7 47. gxh6+ Kxh6 48. Bxf7 Bc8 49. Ke4 Kg5 50. Kd5 Bf5 51. Kd6 Kh6 52. Be6 Bc2 53. Bg4 Bb3 54. Bf3 Kg5 55. Bd5 Bd1 56. Bf7 Bg4 57. Bg6 Bh3 58. Ke7 Kh6 59. Kf6 Bg4 60. Be8 Bc8 61.
Bf7 Bg4 62. Bg6 Bc8 63. Bf5 Ba6 64. e6 Kxh5 65. e7 Bb5 66. Kf7 Kh6 67. Kf8 Kg5 68. Be6 Kf6 69. Bf7 Bc6 70. Be8 Bd5 71. Bd7 Bf7 72. Bf5 Bh5 73. Be4 Bf7 74. Bc6 Bh5 75. Bd5 Bg6 76. Bf3 Bf7 77. Bc6 Bg6 78. Be8 Bf5 79. Bf7 Bd7 80. Bh5 Bc6 81. Be8 Bd5 82. Bd7 Bf7 83. Bg4 Bg6 84. e8=Q Bxe8 1/2-1/2

[Event "Late-Titled-Tuesday-Blitz-February-13-2024"]
[Site "Chess.com"]
[Date "2024.02.13"]
[Round "10"]
[White "ansko1999"]
[Black "Walter_White_Poland"]
[Result "1/2-1/2"]
[WhiteElo "2616"]
[BlackElo "2435"]
[TimeControl "180+1"]
[EndTime "15:57:10 PST"]
[Termination "Game drawn by 50-move rule"]

1. Na3 e5 2. e4 Nf6 3. d3 Bxa3 4.
bxa3 d5 5. exd5 Nxd5 6. Bb2 Nc6 7. Ne2 O-O 8. g3 f5 9. Bg2 f4 10. Be4 Bh3 11. Nc3 Nf6 12. Bxc6 bxc6 13. Qd2 Rb8 14. O-O-O Rxb2 15. Kxb2 Qd4 16. Kc1 Rb8 17. Qe1 Bg4 18.
Ne4 Bxd1 19. Nxf6+ gxf6 20. Qxd1 Qc3 21. Qe1 Qxa3+ 22.
Kd2 Qa5+ 23. Ke2 Qxe1+ 24. Rxe1 Rb2 25. Kd2 fxg3 26. hxg3 Rxa2 27. Rb1 Kg7 28. Rb7 Kg6 29.
Rxc7 Ra1 30. Rxc6 Rf1 31. Ke2 Ra1 32. c4 a5 33. f4 exf4 34. gxf4 h5 35. Rc8 h4 36. Kf3 a4 37. Rh8 a3 38. Rxh4 Rf1+ 39. Kg2 a2 40. Kxf1 a1=Q+ 41. Kg2 Qb2+ 42. Kf3 Kf5 43.
Rh5+ Ke6 44. Rd5 Qd2 45. f5+ Ke7 46. Ke4 Qd1 47. Kd4 Qe2 48. Kc3 Qf2 49. Kb3 Qe1 50.
Ka4 Qb1 51. Ka3 Qc2 52. Kb4 Qb1+ 53. Kc5 Qb7 54. Kd4 Qc8 55. Kc3 Kf7 56. Kb4 Qb8+ 57. Rb5 Qc7 58. Rd5 Qb6+ 59. Ka4 Kg7 60. Ka3 Qa6+ 61.
Kb2 Qb6+ 62. Kc1 Qe3+ 63. Kc2 Kh6 64. Kd1 Kg5 65. Kc2 Kf4 66. Kc3 Qe2 67. Kb4 Qd1 68. Kc5 Qb1 69. Kd6 Qb7 70. Ke6 Qb6+ 71. Kf7 Kg5 72. Ke7 Qb7+ 73. Kd6 Qc8 74. Ke7 Qc7+ 75. Ke6 Qc8+ 76. Ke7 Qg8 77. Kd6 Qg7 78. Kc5 Qe7+ 79. Kb6 Kf4 80. Kb5 Qe8+ 81. Kc5 Qc8+ 82. Kb4 Ke3 83.
Kb5 Kd2 84. Kb6 Kc3 85. Kb5 Kb3 86. Kb6 Kb4 87. Rb5+ Kc3 88. Rd5 Qb8+ 89. Kc6 Qc8+ 90. Kd6 Qe8 91. Kc7 Kb4 92. Rb5+ Ka4 93. Rd5 Qe7+ 94.
Kc6 Kb4 95. Rb5+ 1/2-1/2

[Event "Late-Titled-Tuesday-Blitz-February-13-2024"]
[Site "Chess.com"]
[Date "2024.02.13"]
[Round "10"]
[White "Yushko_Olga"]
[Black "koncheto"]
[Result "0-1"]
[WhiteElo "2218"]
[BlackElo "2455"]
[TimeControl "180+1"]
[EndTime "15:57:16 PST"]
[Termination "koncheto won on time"]

1. d4 Nf6 2. c4 e6 3. Nc3 c5 4. d5 exd5 5. cxd5 d6 6. e4 g6 7. Nf3 a6 8. a4 Bg4 9. Be2 Bxf3 10. Bxf3 Bg7 11. O-O O-O 12. Bf4 Qe7 13. Re1 Nbd7 14. e5 Nxe5 15. Bxe5 dxe5 16. d6 Qd7 17. Rxe5 Rad8 18.
Re7 Qxd6 19. Qxd6 Rxd6 20. Rxb7 Rfd8 21. Re1 Nd7 22. g3 Ne5 23. Bg2 Nd3 24. Ree7 Rf8 25. Red7 Rxd7 26. Rxd7 Nxb2 27. Nd5 Nxa4 28. Ne7+ Kh8 29.
Bd5 Nb6 30. Rd6 Nxd5 31. Rxd5 c4 32. Rc5 c3 33. Nd5 Bd4 34. Rc6 a5 35. Nxc3 Bxc3 36.
Rxc3 Ra8 37. Ra3 a4 38. Kg2 Kg7 39. f4 Kf6 40. Kf3 Ke6 41. Ke3 Kd6 42. Ke4 Kc5 43. Ke5 Kb4 44. Ra1 h5 45. Kf6 Ra7 46. Rb1+ Kc3 47.
Ra1 a3 48. h3 Kb2 49. Re1 a2 50.
g4 hxg4 51. hxg4 a1=Q 52. Rxa1 Kxa1 53. f5 gxf5 54. gxf5 Kb2 55. Ke5 Kc3 56. Ke4 Kc4 57. Ke5 Kc5 58. Kf6 Kd6 59. Kg5 Ke5 60. f6 Ke6 61. Kh6 Ra8 62. Kg7 Rb8 63. Kh7 Ra8 64.
Kh6 Ra7 65. Kg7 Rb7 66. Kf8 Rb6 67. Kg7 Ra6 68. Kf8 Ra5 69. Kg7 Rb5 70. Kf8 Rb4 71.
Kg7 Ra4 72. Kg8 Ra3 73. Kf8 Rb3 74. Kg7 Rb2 75. Kg8 Ra2 76. Kf8 Ra1 77. Kg7 Rb1 78. Kg8 Rc1 79. Kf8 Rc2 80. Kg7 Rc1 81. Kg8 Rd1 82. Kf8 Rd2 83. Kg7 Re2 84. Kg8 Re1 85. Kf8 Rf1 86. Kg7 Rf2 87. Kf8 Rf3 88. Kg8 Rf4 89. Kf8 Rf5 90. Kg7 Rh5 91. Kf8 Rh4 92. Kg7 Rh3 93. Kf8 Rh2 94. Kg7 Rh1 95. Kf8 Kxf6 96. Ke8 Rh2 97. Kd8 Rh3 98. Ke8 Re3+ 99. Kd7 Re4 100. Kd6 Re5 101. Kc6 Re6+ 102. Kd5 Ke7 0-1

[Event "Late-Titled-Tuesday-Blitz-February-13-2024"]
[Site "Chess.com"]
[Date "2024.02.13"]
[Round "10"]
[White "dosto07"]
[Black "nitpicker"]
[Result "1/2-1/2"]
[WhiteElo "2491"]
[BlackElo "2237"]
[TimeControl "180+1"]
[EndTime "15:57:18 PST"]
[Termination "Game drawn by 50-move rule"]

1. Nf3 Nf6 2. c4 e6 3. g3 d5 4. Bg2 c6 5. b3 Be7 6. Bb2 O-O 7.
O-O a5 8. a3 Nbd7 9. d3 b5 10.
Nbd2 Qb6 11. Qc2 Ba6 12. Rab1 Rac8 13. d4 c5 14. dxc5 Bxc5 15. Ne5 Qa7 16. Nxd7 Nxd7 17. Qc3 Nf6 18. Qxa5 bxc4 19. bxc4 Bxc4 20. Nxc4 dxc4 21. Qxa7 Bxa7 22. Bxf6 gxf6 23. Rb7 Bc5 24. a4 c3 25.
Rc1 Ba3 26. Rc2 Bb2 27. Be4 Rc4 28. Rbxb2 Rxe4 29. Rxc3 Rxa4 30. Rb7 f5 31. Rcc7 Kg7 32. Kg2 f4 33. Kf3 fxg3 34. hxg3 Kf6 35. e3 Ra2 36. g4 Kg6 37. Kg3 h6 38. f3 Re2 39. e4 Ra2 40. Kf4 Ra3 41. Rd7 Rc3 42. Ra7 Rb3 43.
Kg3 Rc3 44. Kf2 Rc2+ 45. Ke3 Rc3+ 46. Ke2 Rb3 47. e5 Rc3 48. Kf2 Rb3 49. f4 Rc3 50.
Kg2 Rb3 51. Kf2 Rc3 52. Ke2 Rb3 53. Rd3 Rxd3 54. Kxd3 h5 55. gxh5+ Kxh5 56. Ke4 Kg4 57. Ra1 f5+ 58. exf6 Rxf6 59. Rg1+ Kh5 60. Rg5+ Kh6 61. Rg8 Rg6 62. Rh8+ Kg7 63. Rh2 Kf6 64. Rh8 Rg7 65. Rf8+ Ke7 66. Ra8 Kf6 67. Ra6 Rg1 68. Ke3 Re1+ 69.
Kf2 Re4 70. Kf3 Re1 71. Rb6 Rf1+ 72. Ke3 Re1+ 73. Kf2 Re4 74. Kg3 Re3+ 75. Kg4 Re4 76. Rd6 Rc4 77. Ra6 Rb4 78. Ra8 Rc4 79. Rf8+ Ke7 80.
Rh8 Kf6 81. Rh6+ Kf7 82. Kg5 Rc5+ 83. Kg4 Rf5 84. Rh3 Rf6 85. Re3 Rf5 86. Re4 Rf6 87.
Re5 Rg6+ 88. Kf3 Kf6 89. Ke4 Rg1 90. Ra5 Re1+ 91. Kf3 Rf1+ 92. Kg3 Rg1+ 93. Kf2 Rc1 94.
Ke2 Rc4 95. Ke3 Rc3+ 96. Kd4 Rf3 97. Ke4 Rf1 98. Ra8 Re1+ 99. Kd3 Rf1 100. Ke3 Re1+ 101. Kf2 Re4 102. Kf3 Re1 103. Rf8+ Ke7 104. Rc8 Kf6 105. Rf8+ Ke7 106. Ra8 Kf6 107. Ra5 Rf1+ 108. Kg3 Rg1+ 1/2-1/2

[Event "Late-Titled-Tuesday-Blitz-February-13-2024"]
[Site "Chess.com"]
[Date "2024.02.13"]
[Round "10"]
[White "wanyaland"]
[Black "Yurovskykh_Oleksandr"]
[Result "1/2-1/2"]
[WhiteElo "2493"]
[BlackElo "2670"]
[TimeControl "180+1"]
[EndTime "15:57:32 PST"]
[Termination "Game drawn by 50-move rule"]

1. d4 d5 2. c4 dxc4 3. e3 Nf6 4.
Bxc4 e6 5. Nf3 c5 6. O-O Nc6 7.
Qe2 cxd4 8. Rd1 Be7 9. exd4 O-O 10. Nc3 Na5 11. Bd3 b6 12. Ne5 Bb7 13. Bg5 Rc8 14. Rac1 Nd5 15. Qh5 f5 16. Bd2 Bf6 17. Bb1 Bxe5 18.
dxe5 Nc4 19. Bg5 Qe8 20. Qxe8 Rfxe8 21. Nb5 h6 22. Nxa7 hxg5 23. Nxc8 Rxc8 24. b3 Nxe5 25. Rxc8+ Bxc8 26. Re1 Nc6 27. Bxf5 exf5 28. Re8+ Kf7 29. Rxc8 Nd4 30. Rb8 g4 31. Rb7+ Kf6 32. Rd7 Nc3 33. Kf1 Ke5 34. Rxg7 Nxa2 35. h3 gxh3 36. gxh3 Nxb3 37.
Rb7 Nd2+ 38. Ke2 Nc4 39. Kd3 Kd5 40. h4 Nc1+ 41. Kc2 Ne2 42. h5 Nd4+ 43. Kc3 Ne2+ 44. Kb4 Kc6 45. Rg7 Ne5 46. h6 Nf4 47. h7 Neg6 48. Kc4 b5+ 49. Kb4 Kd5 50. Kxb5 Ke4 51. Kc6 Kf3 52. Kd6 Kxf2 53. Rf7 Kg3 54. Rxf5 Kg4 55.
Rf8 Kg5 56. h8=Q Nxh8 57. Rxh8 Kf5 58. Rf8+ Ke4 59. Kd7 Nd5 60. Re8+ Kd4 61. Kd6 Nc3 62. Re1 Ne4+ 63. Ke6 Nc5+ 64. Kf5 Kd5 65. Rd1+ Kc4 66.
Ke5 Nd3+ 67. Kf5 Nc5 68. Rd8 Nd3 69. Rc8+ Kd4 70. Kg4 Ne5+ 71. Kg3 Nd3 72. Rd8+ Ke3 73. Kg2 Nf4+ 74. Kg1 Nd3 75. Re8+ Kd4 76. Kf1 Ne5 77. Ke1 Ke4 78. Ke2 Kd4 79. Rd8+ Ke4 80. Rd6 Nc4 81. Rd8 Ne5 82. Kf2 Nd3+ 83. Kg3 Ne5 84. Kh4 Nf3+ 85. Kg4 Ne5+ 86. Kg5 Nf3+ 87. Kf6 Nd4 88. Rd7 Nf3 89. Re7+ Kd5 90. Kf5 Nd4+ 91. Kf4 Ne6+ 92. Kf3 Nd4+ 93.
Kf2 Ne6 94. Rd7+ Ke5 95. Rd2 Ng5 96. Re2+ Kd5 97. Kg3 Ne4+ 98. Kf4 Nd6 99. Rd2+ Ke6 100. Rd3 Nf7 101. Re3+ Kd5 102. Re7 Nd6 103. Rd7 Ke6 104. Rd8 Kd5 105. Ke3 Ke5 106. Rd7 Kd5 107. Ra7 1/2-1/2

[Event "Late-Titled-Tuesday-Blitz-February-13-2024"]
[Site "Chess.com"]
[Date "2024.02.13"]
[Round "10"]
[White "rhungaski"]
[Black "GMKrikor"]
[Result "0-1"]
[WhiteElo "2575"]
[BlackElo "2837"]
[TimeControl "180+1"]
[EndTime "15:57:40 PST"]
[Termination "GMKrikor won on time"]

1. e4 c5 2. Nf3 Nc6 3. d4 cxd4 4. Nxd4 Nf6 5. Nc3 e5 6. Ndb5 d6 7. Bg5 a6 8. Na3 b5 9. Nd5 Be7 10. Bxf6 Bxf6 11. c4 b4 12. Nc2 O-O 13. b3 a5 14. Be2 Bg5 15. O-O Be6 16. Qd3 Nb8 17. Rad1 Nd7 18. Bf3 Nc5 19. Qe2 g6 20. g3 Bh6 21.
Bg2 Ra7 22. f4 f6 23. f5 Bc8 24. Nde3 Qb6 25. Kh1 Bg7 26. Rd2 Bb7 27. Nd5 Bxd5 28. Rxd5 a4 29. fxg6 hxg6 30. Qg4 Kh7 31. Rfd1 axb3 32.
axb3 Nxb3 33. Qh3+ Kg8 34. Qe6+ Kh7 35. Qh3+ Kg8 36.
Qe6+ Raf7 37. Rxd6 Qf2 38. Nxb4 Nd4 39. Qh3 Qe2 40.
Rf1 Qxc4 41. Nd5 Qc5 42. Rd7 Rxd7 43. Qxd7 Rf7 44. Qe8+ Qf8 45. Qxf8+ Kxf8 46. Rb1 Ra7 47. h4 Kf7 48. Kh2 Rd7 49. Rb2 f5 50. exf5 gxf5 51. Rf2 Ke6 52. Ne3 Bh6 53. Nxf5 Nxf5 54. Bh3 Rf7 55. g4 Bf4+ 56. Rxf4 exf4 57. gxf5+ Kf6 58.
Kg2 Rg7+ 59. Kf2 Rg3 60. Bg2 Kxf5 61. Bf3 Rh3 62. h5 Kg5 63. Kg2 Rg3+ 64. Kf2 Kh6 65. Ke2 Kg7 66. Kf2 Kf6 67. Ke2 Ke5 68. Kf2 Kd4 69.
Ke2 Rh3 70. Kf2 Rh2+ 71. Kg1 Rh4 72. Kf2 Rh2+ 73. Kg1 Rh3 74. Kg2 Rg3+ 75. Kf2 Rg8 76.
Ke2 Ke5 77. Kf2 Kf5 78. Ke2 Kg5 79. Kf2 Rb8 80. Kg2 Rb2+ 81. Kh3 Rf2 82. Bg4 Rf1 83.
Kg2 Rc1 84. Bf3 Rc3 85. Kf2 Ra3 86. Kg2 Kh4 87. h6 Ra2+ 88. Kf1 Kg3 89. h7 Rh2 90. Be4 f3 91. Kg1 Rh4 92. Bd3 f2+ 93. Kf1 Rh1+ 94.
Ke2 f1=Q+ 0-1

[Event "Late-Titled-Tuesday-Blitz-February-13-2024"]
[Site "Chess.com"]
[Date "2024.02.13"]
[Round "11"]
[White "Doudou2015"]
[Black "AndresDelgado77"]
[Result "0-1"]
[WhiteElo "2187"]
[BlackElo "2328"]
[TimeControl "180+1"]
[EndTime "15:58:54 PST"]
[Termination "AndresDelgado77 won by resignation"]

1. b3 c5 2. Bb2 Nc6 3. e3 e5 4.
Nf3 e4 5. Ng1 d5 6. Ne2 f5 7. d3 Nf6 8. c4 exd3 9. Qxd3 Nb4 10.
Qd2 Ne4 11. Qc1 Nd3+ 0-1

[Event "Late-Titled-Tuesday-Blitz-February-13-2024"]
[Site "Chess.com"]
[Date "2024.02.13"]
[Round "11"]
[White "mbojan"]
[Black "jefferyx"]
[Result "1/2-1/2"]
[WhiteElo "2860"]
[BlackElo "3020"]
[TimeControl "180+1"]
[EndTime "15:59:38 PST"]
[Termination "Game drawn by repetition"]

1. a3 e5 2. e3 d5 3. d4 e4 4.
c4 c6 5. Bd2 Nf6 6. cxd5 cxd5 7. Bb4 Bxb4+ 8. axb4 O-O 9. Nc3 Qd6 10. Qb3 Nc6 11.
b5 Ne7 12. Qa3 Qe6 13. Nge2 Ng6 14. g3 h5 15. Nf4 Nxf4 16. gxf4 Bd7 17. h3 Rfc8 18.
Be2 Qb6 19. Qa5 Qd6 20. Qa3 Qb6 21. Qa5 Qd6 22. Qa3 Qb6 1/2-1/2

[Event "Late-Titled-Tuesday-Blitz-February-13-2024"]
[Site "Chess.com"]
[Date "2024.02.13"]
[Round "11"]
[White "MusicCityMaster"]
[Black "FredddieCroderg"]
[Result "1-0"]
[WhiteElo "2463"]
[BlackElo "2288"]
[TimeControl "180+1"]
[EndTime "16:00:59 PST"]
[Termination "MusicCityMaster won by resignation"]

1. d4 d5 2. c4 e6 3. Nc3 Nf6 4. Nf3 c6 5. e3 Nbd7 6. Bd3 dxc4 7. Bxc4 b5 8. Bd3 a6 9. O-O c5 10. Qe2 cxd4 11. exd4 Be7 12. Re1 Bb7 13. Bg5 O-O 14. Rad1 Nb6 15. Bb1 Nbd5 16. Ne5 Rc8 17. Qd3 g6 18. Qh3 Nxc3 19. bxc3 Nd5 20. Bh6 Rxc3 21. f3 Re8 22. Nxf7 Nf4 23. Bxf4 Kxf7 24. Qxh7+ 1-0

[Event "Late-Titled-Tuesday-Blitz-February-13-2024"]
[Site "Chess.com"]
[Date "2024.02.13"]
[Round "11"]
[White "Semetey"]
[Black "EsmeraldasAnderson03"]
[Result "0-1"]
[WhiteElo "2594"]
[BlackElo "2468"]
[TimeControl "180+1"]
[EndTime "16:01:01 PST"]
[Termination "EsmeraldasAnderson03 won by resignation"]

1. e4 c5 2. Nc3 Nc6 3. Bb5 Nd4 4. Nf3 Nxb5 5. Nxb5 a6 6. Nc3 g6 7. d4 cxd4 8. Qxd4 Nf6 9. e5 Nh5 10.
e6 f6 11. Ng5 Qc7 12. Nf7 Rg8 13. g4 Ng7 14. Bf4 Nxe6 15. Bxc7 Nxd4 16. O-O-O Ne6 17. Nd5 Kxf7 18. Nb6 Nxc7 19. Nxa8 Nxa8 0-1

[Event "Late-Titled-Tuesday-Blitz-February-13-2024"]
[Site "Chess.com"]
[Date "2024.02.13"]
[Round "11"]
[White "GMRAVEN_ON_YOUTUBE"]
[Black "Bilan_Danila"]
[Result "1-0"]
[WhiteElo "2775"]
[BlackElo "2541"]
[TimeControl "180+1"]
[EndTime "16:01:10 PST"]
[Termination "GMRAVEN_ON_YOUTUBE won by resignation"]

1. f4 d5 2. Nf3 Nf6 3. e3 c5 4.
b3 Nc6 5. Bb5 Qb6 6. Qe2 g6 7. Bb2 Bg7 8. O-O O-O 9. c4 a6 10.
Bxc6 Qxc6 11. Ne5 Qd6 12. cxd5 Ng4 13. Nc4 Qxd5 14. Bxg7 Kxg7 15. Nb6 Qc6 16. Nxa8 b5 17. Qf3 Qd7 18. Nb6 1-0

[Event "Late-Titled-Tuesday-Blitz-February-13-2024"]
[Site "Chess.com"]
[Date "2024.02.13"]
[Round "11"]
[White "annasargsyan_m"]
[Black "snowlord"]
[Result "0-1"]
[WhiteElo "2594"]
[BlackElo "2834"]
[TimeControl "180+1"]
[EndTime "16:01:22 PST"]
[Termination "snowlord won by resignation"]

1. e4 c6 2. d4 d5 3. exd5 cxd5 4. Bd3 Nf6 5. h3 g6 6. c3 Bf5 7. Bxf5 gxf5 8. Nf3 Nc6 9. O-O e6 10. Re1 Ne4 11. Bf4 Rg8 12. Ne5 Bd6 13. Qh5 Nxe5 14.
Bxe5 Bxe5 15. dxe5 Qb6 16. Qe2 O-O-O 17. Na3 Rg6 18.
Kh2 Rdg8 19. Rg1 Nxf2 20. Nb5 Nxh3 0-1

[Event "Late-Titled-Tuesday-Blitz-February-13-2024"]
[Site "Chess.com"]
[Date "2024.02.13"]
[Round "11"]
[White "DonJuan_34"]
[Black "Jamal-Jamal-Jamal"]
[Result "1-0"]
[WhiteElo "2481"]
[BlackElo "2269"]
[TimeControl "180+1"]
[EndTime "16:01:49 PST"]
[Termination "DonJuan_34 won by resignation"]

1. d4 e6 2. c4 Nf6 3. Nc3 Bb4 4.
Nf3 b6 5. Bg5 Bb7 6. Nd2 h6 7.
Bh4 O-O 8. f3 c5 9. e3 d6 10. a3 Bxc3 11. bxc3 Nbd7 12. Bd3 Qc7 13. O-O Rac8 14. e4 e5 15. d5 Nh7 16. Bf2 Rce8 17.
Be3 Bc8 18. Rf2 g6 19. g4 f5 20. Bxh6 Rf7 21. exf5 gxf5 22. Bxf5 Ndf6 23. Bg6 Rg7 24. Bxg7 Qxg7 25. Bxe8 Nxe8 26. Ne4 Nef6 27. Nxf6+ Qxf6 28. Qd2 Ng5 29. Kg2 Qh6 30. h4 Bxg4 31. Qxg5+ Qxg5 32. hxg5 1-0

[Event "Late-Titled-Tuesday-Blitz-February-13-2024"]
[Site "Chess.com"]
[Date "2024.02.13"]
[Round "11"]
[White "Burgsvik"]
[Black "Cambek64"]
[Result "1-0"]
[WhiteElo "2340"]
[BlackElo "2481"]
[TimeControl "180+1"]
[EndTime "16:02:00 PST"]
[Termination "Burgsvik won by resignation"]

1. e4 e6 2. d4 d5 3. e5 c5 4. c3 Nc6 5. a3 Bd7 6. Nf3 cxd4 7. cxd4 Qb6 8. Nc3 Nge7 9. Na4 Qd8 10. Nc5 b6 11.
Nb7 Qc7 12. Nd6+ Kd8 13. Nxf7+ Ke8 14. Nxh8 g6 15. Bg5 Ng8 16. Bd3 Bg7 17. Nxg6 hxg6 18.
Bxg6+ Kf8 19. O-O Nge7 20. Bh7 Be8 21. Nh4 Bf7 22. Rc1 Qd7 23. Qg4 Qe8 24. Bf6 Bh6 25.
Rc3 Nxd4 26. Qxd4 Ng8 27. Bxg8 Kxg8 28. Qg4+ Kf8 29. Rc7 Rc8 30. Be7+ Qxe7 31. Rxc8+ Be8 32. Ng6+ 1-0

[Event "Late-Titled-Tuesday-Blitz-February-13-2024"]
[Site "Chess.com"]
[Date "2024.02.13"]
[Round "11"]
[White "Alblooshi_Hamad"]
[Black "The_Straightforward_Rook"]
[Result "1-0"]
[WhiteElo "2286"]
[BlackElo "2427"]
[TimeControl "180+1"]
[EndTime "16:02:07 PST"]
[Termination "Alblooshi_Hamad won by resignation"]

1. d4 d5 2. c4 c6 3. Nf3 Nf6 4.
Nc3 e6 5. e3 Nbd7 6. Qc2 Bd6 7.
b3 O-O 8. Be2 Qe7 9. O-O e5 10.
cxd5 cxd5 11. Nb5 Bb8 12. dxe5 Nxe5 13. Nbd4 Nxf3+ 14. Bxf3 Ne4 15. Bb2 Be6 16. Bxe4 Qh4 17. g3 Qxe4 18. Qxe4 dxe4 19. Nxe6 fxe6 20. Rfd1 a5 21.
Rd7 Rf7 22. Rad1 a4 23. Rxf7 Kxf7 24. Rd7+ Ke8 25. Rxb7 axb3 26. axb3 g6 27. Rxh7 Ra2 28. Bd4 Bd6 29. Rg7 Ra3 30. Rxg6 Rxb3 31. Rxe6+ Kd7 32. Rxe4 Rb1+ 33. Kg2 Rc1 34. h4 Rc2 35. h5 Bb4 36. h6 Be1 37. Rf4 1-0

[Event "Late-Titled-Tuesday-Blitz-February-13-2024"]
[Site "Chess.com"]
[Date "2024.02.13"]
[Round "11"]
[White "Szparu"]
[Black "Shankland"]
[Result "0-1"]
[WhiteElo "2798"]
[BlackElo "2948"]
[TimeControl "180+1"]
[EndTime "16:02:15 PST"]
[Termination "Shankland won by resignation"]

1. e4 c5 2. c3 Nf6 3. e5 Nd5 4. d4 cxd4 5. Nf3 d6 6. Bc4 dxe5 7. Nxe5 e6 8. Qxd4 Qb6 9. Qe4 Nf6 10. Qe2 Nbd7 11. Nf3 Qc7 12. O-O b6 13. Bg5 Be7 14. Nbd2 O-O 15. Rad1 Bb7 16. Rfe1 Rfe8 17. Bd3 h6 18. Bh4 Rad8 19. Bg3 Qc8 20. Bc2 Nh5 21. Be5 Nxe5 22. Nxe5 Nf4 23. Qg4 Bg5 24. h4 f5 25.
Qg3 Nh5 26. hxg5 Nxg3 27. fxg3 Qc5+ 28. Kh2 Qf2 0-1

[Event "Late-Titled-Tuesday-Blitz-February-13-2024"]
[Site "Chess.com"]
[Date "2024.02.13"]
[Round "11"]
[White "bazar-wokzal"]
[Black "tptagain"]
[Result "1-0"]
[WhiteElo "2694"]
[BlackElo "2864"]
[TimeControl "180+1"]
[EndTime "16:02:48 PST"]
[Termination "bazar-wokzal won by resignation"]

1. e4 c5 2. c3 g6 3. d4 cxd4 4. cxd4 Bg7 5. Nc3 d6 6. h4 Nf6 7. h5 Nxh5 8. Rxh5 gxh5 9. Qxh5 Bxd4 10. Bc4 e6 11. Nge2 Nc6 12. Nb5 Bf6 13. Bf4 Ne5 14. Bb3 Nd3+ 15. Kf1 Nxf4 16. Nxf4 Kf8 17. Rd1 Be5 18.
Qxe5 dxe5 19. Rxd8+ Kg7 20. Nh5+ Kh6 21. Rxh8 Kxh5 22. Nd6 1-0

[Event "Late-Titled-Tuesday-Blitz-February-13-2024"]
[Site "Chess.com"]
[Date "2024.02.13"]
[Round "11"]
[White "GaiozNigalidze"]
[Black "Bryanl106"]
[Result "1-0"]
[WhiteElo "2659"]
[BlackElo "2525"]
[TimeControl "180+1"]
[EndTime "16:02:49 PST"]
[Termination "GaiozNigalidze won by resignation"]

1. e4 e5 2. Nf3 Nc6 3. Bb5 a6 4. Ba4 Nf6 5. O-O Ke7 6. d4 exd4 7. e5 Ne4 8. Re1 Nxf2 9. Kxf2 Ke8 10. Bxc6 dxc6 11. Qxd4 Bd7 12. Bg5 Qc8 13. Nc3 Be6 14.
Rad1 h6 15. Be3 Be7 16. Ne4 Kf8 17. c4 b6 18. b3 Kg8 19. h3 Kh7 20. Ng3 Re8 21.
Qe4+ Kh8 22. Qxc6 a5 23. a4 Bb4 24. Rf1 Rd8 25. Qe4 Rxd1 26. Rxd1 Qe8 27. Qh4 Kg8 28.
Nd4 Bd7 29. Qf4 Rd8 30. Ndf5 Bxf5 31. Rxd8 Qxd8 32. Nxf5 Qd1 33. Kg3 Qxb3 34. Kh2 Qxa4 35. Qg4 g6 36. Nxh6+ Kf8 37. Qc8+ Qe8 38. Qxc7 Bc3 39.
Ng4 a4 40. Bh6+ 1-0